 Dungeon Crawl Stone Soup version 0.23.2-1-ga50397a (webtiles) character file.

Game seed: 17355781514915936130

197 diana the Covered (level 5, -7/47 HPs)
             Began as a Minotaur Fighter on May 25, 2019.
             Mangled by an ogre
             ... wielding a +0 giant club
              (24 damage)
             ... on level 4 of the Dungeon.
             The game lasted 00:02:05 (1786 turns).

diana the Covered (Minotaur Fighter)                Turns: 1786, Time: 00:02:06

Health: -7/47      AC: 10    Str: 22    XL:     5   Next: 46%
Magic:  4/4        EV:  8    Int:  5    God:
Gold:   131        SH:  9    Dex:  9    Spells: 4/4 levels left

rFire    . . .     SeeInvis .   a - +0 war axe
rCold    . . .     Gourm    .   c - +0 shield
rNeg     . . .     Faith    .   b - +0 scale mail
rPois    .         Spirit   .   (helmet restricted)
rElec    .         Reflect  .   (no cloak)
rCorr    .         Harm     .   j - +2 pair of gloves {archery}
MR       .....                  (no boots)
Stlth    ..........             (no amulet)
HPRegen  0.15/turn              g - ring of wizardry
MPRegen  0.09/turn              (no ring)

@: no status effects
A: retaliatory headbutt, horns 2
a: no special abilities


You were on level 4 of the Dungeon.
You were not hungry.

You visited 1 branch of the dungeon, and saw 4 of its levels.

You collected 131 gold pieces.

Inventory:

Hand Weapons
 a - a +0 war axe (weapon)
Armour
 b - a +0 scale mail (worn)
 c - a +0 shield (worn)
 j - a +2 pair of gloves of archery (worn)
Jewellery
 g - a ring of wizardry (left hand)
Scrolls
 e - 3 scrolls of identify {unknown}
 i - a scroll of amnesia {unknown}
 k - a scroll of enchant armour {unknown}
 l - 2 scrolls of magic mapping {unknown}
Potions
 d - 2 potions of might
 h - a potion of berserk rage {unknown}
 m - a potion of heal wounds {unknown}
 n - a potion of resistance {unknown}
 o - a potion of curing {unknown}
 p - a potion of flight {unknown}
 q - a potion of lignification {unknown}
Comestibles
 f - 3 rations


   Skills:
 + Level 4.6 Fighting
 + Level 3.7 Axes
 + Level 4.7 Armour
 + Level 2.3 Dodging
 + Level 4.5 Shields


You had 4 spell levels left.
You didn't know any spells.
Your spell library was empty.

Dungeon Overview and Level Annotations

Branches:
Dungeon (4/15)             Temple (0/1) D:4

Altars:
Qazlal


Innate Abilities, Weirdness & Mutations

You reflexively headbutt those who attack you in melee.
You have a pair of horns on your head.


Message History

You are too injured to fight recklessly!
You are too injured to fight recklessly!
Unknown command.
You are too injured to fight recklessly!
Unknown command.
You are too injured to fight recklessly!
You hit the ogre. Your headbutt misses the ogre.
The ogre is moderately wounded.
You closely miss the gnoll shaman. You block the gnoll's attack.
The gnoll shaman hits you but does no damage.
The ogre closely misses you. The gnoll hits you but does no damage.
You block the gnoll shaman's attack.
Unknown command.
You hit the ogre.
The ogre is moderately wounded.
You closely miss the gnoll shaman.
The gnoll hits you from afar with a +0 spear.
The ogre hits you with a +0 giant club!!
Ouch! That really hurt!
You die...

###............#
#...............#
#.##...##.......#
#.##...##......##
#..............#
#....>.........#
#..............#
#.##...##.####.##
##...##@).$....
......O)g........
$##.##...g.......
# ............
##.........
#.........
#.........
.######.##


You could see an ogre, a gnoll shaman and a gnoll.

Vanquished Creatures
  An ogre (D:4)
  2 gnolls (D:4)
  3 adders
  An adder skeleton (D:3)
  2 worms (D:3)
  2 dart slugs
  A leopard gecko (D:1)
  An orc (D:3)
  4 bats
  A giant cockroach (D:3)
  12 goblins
  6 hobgoblins
  4 jackals (D:3)
  A kobold (D:1)
  A ball python (D:1)
  9 frilled lizards
  4 rats
55 creatures vanquished.

Notes
Turn   | Place    | Note
-------+----------+-------------------------------------------
     0 | D:1      | diana the Minotaur Fighter began the quest for the Orb.
     0 | D:1      | Reached XP level 1. HP: 19/19 MP: 0/0
   182 | D:1      | Reached XP level 2. HP: 27/27 MP: 1/1
   388 | D:1      | Reached skill level 1 in Dodging
   643 | D:2      | Reached XP level 3. HP: 24/33 MP: 2/2
   828 | D:2      | Found a stormy altar of Qazlal.
  1208 | D:3      | Reached XP level 4. HP: 23/40 MP: 3/3
  1744 | D:4      | Noticed an ogre
  1750 | D:4      | Killed an ogre
  1750 | D:4      | Reached XP level 5. HP: 41/47 MP: 4/4
  1758 | D:4      | Found a staircase to the Ecumenical Temple.
  1778 | D:4      | Noticed an ogre
  1786 | D:4      | Mangled by an ogre

Skill      XL: |  1  2  3  4 |
---------------+-------------+-----
Dodging        | 1 2 |  2.3
Fighting       | 4 |  4.6
Axes           | 3 |  3.7
Armour         | 4 |  4.7
Shields        | 4 |  4.5

Action                   |  1- 3 |  4- 6 || total
-------------------------+-------+-------++-------
Melee: War axe           |   114 |    31 ||   145
       Headbutt          |    12 |     4 ||    16
  Eat: Chunk             |     1 |     2 ||     3
Armor: Scale mail        |    42 |    17 ||    59
Dodge: Dodged            |    41 |    16 ||    57
Block: Shield            |    65 |    14 ||    79
